 Dungeon Crawl Stone Soup version 0.24.0-2-g5b39cebb1c (webtiles) character file.

Game seed: 15818273352134892217, levelgen mode: deterministic

52817 ventricule the Nimble (level 14, -7/76 HPs)
             Began as a Deep Elf Assassin on Oct 30, 2019.
             Was a High Priest of Vehumet.
             Mangled by an enormous slime creature (83 damage)
             ... on level 12 of the Dungeon.
             The game lasted 02:18:04 (37428 turns).

ventricule the Nimble (Deep Elf Assassin)          Turns: 37428, Time: 02:18:05

Health: -7/76      AC:  9    Str: 11    XL:     14   Next: 28%
Magic:  5/39       EV: 21    Int: 22    God:    Vehumet [*****.]
Gold:   995        SH:  5    Dex: 16    Spells: 0/33 levels left

rFire    + . .     SeeInvis +   w - +6 scimitar "Bajuofuf" {venom, rN++ Str+3}
rCold    + . .     Gourm    .   F - +0 buckler
rNeg     + + .     Faith    .   Y - +0 robe {rC+ rF+} {rC+, rF+}
rPois    .         Spirit   .   k - +2 helmet
rElec    .         Reflect  .   c - +1 cloak
rCorr    +         Harm     .   I - +0 pair of gloves
MR       +....                  b - +0 pair of boots "Ravvyrus" {rCorr}
Stlth    +++.......             y - amulet of magic regeneration
HPRegen  0.22/turn              S - ring of see invisible
MPRegen  0.51/turn              P - ring of magical power {MP+9}

@: no status effects
A: no striking features
a: Renounce Religion


You were on level 12 of the Dungeon.
You worshipped Vehumet.
Vehumet was extremely pleased with you.
You were not hungry.

You visited 4 branches of the dungeon, and saw 21 of its levels.
You also visited: Ossuary.

You collected 2241 gold pieces.
You spent 1246 gold pieces at shops.

Inventory:

Hand Weapons
 j - a +0 hunting sling
 m - a +5 dagger
 w - the +6 scimitar "Bajuofuf" (weapon) {venom, rN++ Str+3}
   (You found it on level 11 of the Dungeon)

   It poisons the flesh of those it strikes.
   It affects your strength (+3).
   It greatly protects you from negative energy.
Missiles
 x - 47 boomerangs
 A - 6 javelins
 E - 4 atropa-tipped darts
 K - 24 poisoned darts (quivered)
 T - 7 curare-tipped darts
Armour
 b - the +0 pair of boots "Ravvyrus" (worn) {rCorr}
   (You acquired it on level 11 of the Dungeon)

   It provides partial protection from all sources of acid and corrosion.
 c - a +1 cloak (worn)
 k - a +2 helmet (worn)
 F - a +0 buckler (worn)
 I - a +0 pair of gloves (worn)
 R - a +1 pair of boots
 Y - a +0 robe of resistance (worn) {rC+, rF+}
Magical Staves
 o - an uncursed staff of summoning {!a}
Jewellery
 p - an uncursed amulet of the gourmand
 v - an uncursed ring of attention
 y - an amulet of magic regeneration (around neck)
 N - an uncursed ring of positive energy {rN+}
 P - a ring of magical power (right hand) {MP+9}
 S - a ring of see invisible (left hand)
Wands
 a - a wand of scattershot (9)
 z - a wand of enslavement (17)
 D - a wand of digging (6)
 U - a wand of disintegration (16)
 W - a wand of flame (25)
Scrolls
 f - 2 scrolls of fog
 g - 4 scrolls of fear
 i - a scroll of identify
 r - 12 scrolls of remove curse
 t - 4 scrolls of teleportation
 L - 2 scrolls of amnesia
 O - 2 scrolls of enchant weapon
 X - a scroll of brand weapon
 Z - a scroll of immolation {!r}
Potions
 d - 2 potions of might
 h - 7 potions of haste
 l - 2 potions of heal wounds
 n - 2 potions of resistance
 q - a potion of curing
 s - 4 potions of agility
 u - 2 potions of flight
 B - 3 potions of ambrosia
 C - 4 potions of magic
 G - 3 potions of invisibility
 H - a potion of brilliance
 J - a potion of cancellation
 V - 3 potions of berserk rage {!q}
Comestibles
 e - 28 rations


   Skills:
 - Level 4.4 Fighting
 - Level 8.3(8.4) Short Blades
 + Level 1.4(5.0) Long Blades
 - Level 5.8 Throwing
 + Level 11.4 Dodging
 - Level 6.0 Stealth
 - Level 4.0 Shields
 - Level 2.2 Unarmed Combat
 - Level 10.1 Spellcasting
 + Level 11.0 Conjurations
 - Level 3.1 Charms
 - Level 6.3 Summonings
   Level 3.6 Transmutations
 + Level 11.1 Fire Magic
 - Level 7.7 Ice Magic
 - Level 5.0 Air Magic


You couldn't memorise any spells.
You knew the following spells:

 Your Spells              Type           Power        Failure   Level  Hunger
a - Freezing Cloud        Conj/Ice/Air   #####.....   10%         6    ######.
b - Summon Ice Beast      Ice/Summ       #####...     3%          4    ##.....
c - Conjure Flame         Conj/Fire      ######..     1%          3    None
d - Animate Skeleton      Necr           N/A          6%          1    None
f - Fireball              Conj/Fire      ######....   1%          5    ####...
r - Regeneration          Chrm/Necr      ###.......   10%         3    None
x - Throw Icicle          Conj/Ice       ######..     1%          4    ##.....
A - Ozocubu's Armour      Chrm/Ice       #####...     1%          3    None
D - Summon Lightning Spi  Summ/Air       #####...     6%          4    ##.....

Your spell library contained the following spells:

 Spells                   Type           Power        Failure   Level  Hunger
 Conjure Ball Lightning   Conj/Air       #####.....   9%          6    ######.
 Flame Tongue             Conj/Fire      #####        1%          1    None
 Freeze                   Ice            ####         1%          1    None
 Infusion                 Chrm           ###.         1%          1    None
 Magic Dart               Conj           ####         1%          1    None
 Summon Small Mammal      Summ           ####         1%          1    None
 Call Imp                 Summ           #####...     1%          2    None
 Ensorcelled Hibernation  Hex/Ice        ####..       1%          2    None
 Throw Flame              Conj/Fire      ######       1%          2    None
 Throw Frost              Conj/Ice       ######       1%          2    None
 Call Canine Familiar     Summ           #####...     1%          3    None
 Dazzling Spray           Conj/Hex       #####.       1%          3    None
 Ignite Poison            Fire/Tmut/Pois ####....     1%          3    None
 Mephitic Cloud           Conj/Pois/Air  ####....     1%          3    None
 Sticky Flame             Conj/Fire      ######..     1%          4    ##.....
 Song of Slaying          Chrm           ###.....     2%          2    None
 Shroud of Golubria       Chrm/Tloc      ###...       4%          2    None
 Summon Guardian Golem    Hex/Summ       ####....     4%          3    None
 Apportation              Tloc           ##....       6%          1    None
 Confusing Touch          Hex            ##....       6%          1    None
 Corona                   Hex            ##.....      6%          1    None
 Ice Form                 Ice/Tmut       #####...     6%          4    ##.....
 Blink                    Tloc           N/A          9%          2    None
 Slow                     Hex            ##......     9%          2    None
 Spectral Weapon          Hex/Chrm       ###.....     10%         3    None
 Confuse                  Hex            ##......     19%         3    None
 Gell's Gravitas          Tloc           ##........   19%         3    None
 Tukima's Dance           Hex            ##......     19%         3    None
 Yara's Violent Unravell  Hex/Tmut       ###.......   21%         5    ####...
 Petrify                  Tmut/Erth      ###.....     28%         4    ##.....
 Metabolic Englaciation   Hex/Ice        ####......   32%         5    ####...
 Excruciating Wounds      Chrm/Necr      ###.......   65%         5    ####...
 Ignition                 Fire           ######....   67%         8    #######
 Dragon Form              Tmut           ####......   100%        7    #######


Dungeon Overview and Level Annotations

Branches:
Dungeon (12/15)            Temple (1/1) D:5            Lair (6/6) D:11
  Swamp (0/4) Lair:4        Snake (0/4) Lair:3        Slime (0/5) Lair:5
    Orc (2/2) D:10            Elf (0/3) Orc:2       Ossuary (visited)

Altars:
Ashenzari
Cheibriados
Dithmenos
Elyvilon
Fedhas
Gozag
Hepliaklqana
Kikubaaqudgha
Makhleb
Nemelex Xobeh
Okawaru
Qazlal
Ru
Sif Muna
Trog
Uskayaw
Vehumet
Wu Jian
Xom
Yredelemnul
Zin
The Shining One
Beogh

Shops:
D:5 *!   D:9 !*(   Orc:1 [   Orc:2 :*[(

Annotations:
D:2 exclusion: oklob plant
D:7 2 transporters, exclusion: orc priest, OleJ's ghost, novice OpMo
D:9 Harold
D:10 exclusion: door
Lair:6 3 runed translucent doors, Sede's ghost, journeyman HOFi


Message History

The shard of ice hits the enormous slime creature!!
* * * LOW MAGIC WARNING * * *
You now have 5/39 mp.
Aim: an enormous slime creature (almost dead)
The shard of ice hits the enormous slime creature!!
* * * LOW MAGIC WARNING * * *
You now have 2/39 mp.
You don't have enough magic to cast that spell.
You barely miss the enormous slime creature.
An enormous slime creature splits.
A large slime creature splits.
Two slime creatures merge to form a large slime creature.
Two slime creatures merge to form an enormous slime creature.
Aim: an enormous slime creature (almost dead)
The shard of ice misses the enormous slime creature.
* * * LOW MAGIC WARNING * * *
You now have 2/39 mp.
The enormous slime creature hits you!!!!
Ouch! That really hurt!
You die...

# ############
########..........#
.........########.########
########)#
#..........######## # #.#
#.#.######.........
########.# #.#.#
#.######## .......#.#
#.#.######.#
######.#.######.#........#
#..#.......@J...###.#
###.######)####.# #.#
#..#####.####.###.####
#........##).........#####
##.#####.#.#..............
#.# #..##.........#####
#.# #.#.#.###.###.# #.#
#.##..# #.# #.# #)#
##.##..# #.# #.#


You could see an enormous slime creature.

Levels and vault maps discovered:
D:1:      minmay_arrival_split_and_join, layout_basic, st_stairs_8,
          serial_park_tiny_2
D:2:      layout_loops_cross, lemuel_coloured_pillars_altar, first_ration,
          tgw_fedhas
D:3:      layout_loops_ring, nemelex_dance_club_becter
D:4:      layout_basic, nicolae_qazlal_general_emergency, uniq_grinder
D:5:      layout_rooms, old_standard_altar, minmay_temple_entry_mini_moons,
          serial_shops, shop_fountains,
          nicolae_shop_temple_entry_statues_fountains, uniq_duvessa,
          uniq_prince_ribbit1
D:6:      layout_gridville
D:7:      layout_loops_ring, gammafunk_ghost_wrathful_warriors, grunt_livestock
D:8:      layout_rooms, marbit_many_paths, enter_ossuary_4, minmay_door_square
D:9:      layout_rooms, serial_shops, shop, shop, kennysheep_mini, uniq_harold
D:10:     layout_roguey, orc_0_dummy
D:11:     layout_basic, erik_lair_island, gammafunk_ghost_hydra_chop
D:12:     layout_loops_ring
Temple:   nicolae_temple_no_exploring_needed
Lair:1:   layout_loops_ring, ebering_ghost_reflecting_pool, grunt_megastairs_4,
          infiniplex_staircase_pool
Lair:2:   layout_layer_cave, basic_altar
Lair:3:   layout_chaotic_city, guppyfry_snake_entry_island
Lair:4:   lemuel_slime, layout_regular_city, skrybe_swamp_entry_bodies,
          cheibrodos_lair_reptile_den, grunt_megastairs_5, serial_bayou_shore_a
Lair:5:   minmay_lair_venomous_thicket, layout_layer_cave,
          minmay_slime_entry_pillars, beast_lair_carwin_10, uniq_urug
Lair:6:   evilmike_catoblepas_cave, layout_cave_pods,
          gammafunk_ghost_necromancy, chequers_serial_rivers_small_b,
          lemuel_fruit_tree
Orc:1:    layout_diamond_mine, serial_shops,
          nicolae_shop_competitors_out_of_business
Orc:2:    st_orc_congregation, layout_diamond_mine, minmay_orc_temple_c

Notes
Turn   | Place    | Note
-------+----------+-------------------------------------------
     0 | D:1      | ventricule the Deep Elf Assassin began the quest for the
                  | Orb.
     0 | D:1      | Reached XP level 1. HP: 12/12 MP: 3/3
     3 | D:1      | Identified a ring of positive energy (You found it on level
                  | 1 of the Dungeon)
    28 | D:1      | Reached skill level 5 in Stealth
   361 | D:1      | Reached XP level 2. HP: 13/16 MP: 4/4
   456 | D:1      | Identified a +0 club
   472 | D:1      | Reached skill level 2 in Dodging
   633 | D:1      | Identified a ring of attention (You found it on level 1 of
                  | the Dungeon)
   678 | D:1      | Identified a +2 helmet (You found it on level 1 of the
                  | Dungeon)
   733 | D:1      | Identified a +0 short sword
   763 | D:1      | Identified a +0 club
   775 | D:1      | Identified a potion of curing
   855 | D:1      | Identified a +4 dagger
   857 | D:1      | Identified a cursed +0 club
  1142 | D:1      | Reached XP level 3. HP: 20/20 MP: 5/5
  1661 | D:2      | Identified a +0 club
  1733 | D:2      | Identified a scroll of identify
  1733 | D:2      | Identified a cursed +0 short sword (You found it on level 2
                  | of the Dungeon)
  1734 | D:2      | Identified 3 scrolls of amnesia
  1833 | D:2      | Identified a scroll of enchant armour
  2014 | D:2      | Found a glowing golden altar of the Shining One.
  2082 | D:2      | Found a blossoming altar of Fedhas.
  2096 | D:2      | Noticed an oklob plant
  2524 | D:3      | Identified a +0 pair of boots (You found it on level 3 of
                  | the Dungeon)
  2573 | D:3      | Reached XP level 4. HP: 25/25 MP: 6/6
  2596 | D:3      | Identified 6 scrolls of remove curse
  2604 | D:3      | Identified an amulet of the gourmand (You found it on level
                  | 2 of the Dungeon)
  2612 | D:3      | Identified a +0 mace
  2620 | D:3      | Reached skill level 3 in Short Blades
  2620 | D:3      | Reached skill level 3 in Dodging
  2752 | D:3      | Identified a +0 mace
  2895 | D:3      | Identified a +0 chain mail
  2899 | D:3      | Identified a +0 trident
  2899 | D:3      | Identified a +0 leather armour
  2900 | D:3      | Identified a +0 club
  3000 | D:3      | Found a sparkling altar of Nemelex Xobeh.
  3045 | D:3      | Identified a ring of see invisible (You found it on level 3
                  | of the Dungeon)
  3081 | D:3      | Identified a +3 dagger (You found it on level 3 of the
                  | Dungeon)
  3096 | D:3      | Reached skill level 6 in Stealth
  3515 | D:3      | Identified a +0 dagger
  3517 | D:3      | Identified a cursed -1 hunting sling
  3522 | D:3      | Reached XP level 5. HP: 28/29 MP: 7/7
  3668 | D:4      | Identified 3 scrolls of fear
  3669 | D:4      | Identified a scroll of magic mapping
  3670 | D:4      | Identified a scroll of noise
  3671 | D:4      | Identified a scroll of teleportation
  3730 | D:4      | Found a stormy altar of Qazlal.
  3914 | D:4      | Reached skill level 4 in Dodging
  4061 | D:4      | Identified a +0 ring mail
  4062 | D:4      | Identified a +0 dagger
  4062 | D:4      | Identified a +0 leather armour
  4063 | D:4      | Identified a +0 dagger
  4063 | D:4      | Identified a +0 chain mail
  4076 | D:4      | Reached skill level 4 in Short Blades
  4113 | D:4      | Noticed Grinder
  4115 | D:4      | Identified 3 potions of lignification
  4117 | D:4      | Identified an amulet of magic regeneration (You found it on
                  | level 3 of the Dungeon)
  4316 | D:4      | Reached XP level 6. HP: 25/34 MP: 8/8
  4503 | D:4      | Identified a +0 giant spiked club
  4515 | D:4      | Reached skill level 5 in Dodging
  4559 | D:4      | Identified a +0 dagger
  4559 | D:4      | Identified a +0 robe
  4723 | D:5      | Entered Level 5 of the Dungeon
  4723 | D:5      | Noticed Prince Ribbit
  4730 | D:5      | Noticed a sky beast
  4741 | D:4      | Killed Prince Ribbit
  4741 | D:4      | Reached skill level 5 in Short Blades
  4741 | D:4      | Reached skill level 6 in Dodging
  4741 | D:4      | Reached XP level 7. HP: 22/38 MP: 9/9
  5168 | D:4      | Reached skill level 6 in Short Blades
  5175 | D:4      | HP: 9/38 [orc priest/divine providence (16)]
  5187 | D:4      | HP: 4/38 [orc priest/divine providence (15)]
  5189 | D:4      | Reached skill level 7 in Dodging
  5609 | D:4      | Identified a scroll of enchant weapon
  5833 | D:4      | ventricule: ??grinder
  5833 | D:4      | meem: grinder[1/5]: A unique shadow imp who likes to
                  | paralyze you and spam pain. Can appear between D:3 and D:6.
                  | Has a friendly rivalry going on with Sigmund to see who can
                  | get more kills.
  5833 | D:4      | beem: grinder[1/5]: A unique shadow imp who likes to
                  | paralyze you and spam pain. Can appear between D:3 and D:6.
                  | Has a friendly rivalry going on with Sigmund to see who can
                  | get more kills.
  5833 | D:4      | ventricule: ??grinder[2]
  5833 | D:4      | meem: grinder[2/5]: !fight sigmund v grinder (spoilers:
                  | grinder wins)
  5833 | D:4      | beem: grinder[2/5]: !fight sigmund v grinder (spoilers:
                  | grinder wins)
  5833 | D:4      | ventricule: ??grinder[3]
  5833 | D:4      | meem: grinder[3/5]: grinder is like a potion of exp that
                  | randomly kills you
  5833 | D:4      | beem: grinder[3/5]: grinder is like a potion of exp that
                  | randomly kills you
  5833 | D:4      | ventricule: ??grinder[4]
  5833 | D:4      | meem: grinder[4/5]: !lg ProvTheAverage killer=~grinder 4
  5833 | D:4      | beem: grinder[4/5]: !lg ProvTheAverage killer=~grinder 4
  5833 | D:4      | ventricule: ??grinder[5]
  5833 | D:4      | meem: grinder[5/5]: grinder? I hardly know her!
  5833 | D:4      | beem: grinder[5/5]: grinder? I hardly know her!
  5862 | D:4      | Paralysed by Grinder for 6 turns
  5878 | D:4      | Killed Grinder
  5878 | D:4      | Reached XP level 8. HP: 22/43 MP: 10/10
  6115 | D:4      | Identified 2 potions of magic
  6134 | D:4      | Reached skill level 3 in Throwing
  6193 | D:4      | HP: 10/43 [poisoned by a killer bee]
  6199 | D:4      | HP: 9/43 [poisoned by a killer bee]
  6207 | D:4      | HP: 8/43 [poisoned by a killer bee]
  6799 | D:6      | Identified a +0 shortbow
  6817 | D:6      | Reached skill level 8 in Dodging
  6866 | D:6      | Identified a +0 giant spiked club
  6882 | D:6      | Reached skill level 7 in Short Blades
  6882 | D:6      | Reached skill level 1 in Shields
  7009 | D:6      | Identified 2 potions of ambrosia
  7068 | D:6      | Reached skill level 4 in Throwing
  7409 | D:7      | Identified 3 potions of haste
  7452 | D:7      | Identified a +0 dagger
  7485 | D:7      | Identified a +0 shortbow
  7487 | D:7      | Identified a +0 shortbow
  7500 | D:7      | Reached skill level 2 in Shields
  7630 | D:7      | Identified a +0 giant club
  7854 | D:7      | Identified a +0 flail
  7854 | D:7      | Identified a +0 dagger
  7871 | D:7      | Identified a +0 trident
  8007 | D:7      | Reached XP level 9. HP: 30/47 MP: 11/11
  8141 | D:7      | Found a transporter.
  8141 | D:7      | Found a transporter.
  8146 | D:7      | Found a bloodstained altar of Trog.
  8146 | D:7      | Identified a +0 short sword
  8151 | D:7      | Identified a +4 glaive
  8151 | D:7      | Identified a +0 chain mail
  8152 | D:7      | Noticed OleJ's ghost (novice OpMo)
  8153 | D:7      | Identified the cursed +1 short sword of Division {freeze,
                  | rC+ rN+ Str+5 Int+4}
  8153 | D:7      | Identified a +3 chain mail
  8187 | D:7      | Noticed a moth of wrath
  8247 | D:7      | Identified a cursed +0 glaive
  8247 | D:7      | Identified a +0 chain mail
  8255 | D:7      | HP: 10/47 [hog (6)]
  8621 | D:7      | Identified a +0 hand axe
  8621 | D:7      | Identified a +0 animal skin
  8652 | D:7      | Reached skill level 9 in Dodging
  8781 | D:7      | Reached skill level 5 in Throwing
  8781 | D:7      | Reached skill level 3 in Shields
  8828 | D:7      | Identified a +0 dagger
  8981 | D:6      | Reached skill level 8 in Short Blades
  9010 | D:6      | HP: 11/47 [poisoned by a worker ant]
  9017 | D:6      | HP: 10/47 [poisoned by a worker ant]
  9025 | D:6      | HP: 9/47 [poisoned by a worker ant]
  9437 | D:5      | Found a staircase to the Ecumenical Temple.
  9439 | D:5      | Identified a +0 short sword of draining
  9439 | D:5      | Identified a +0 leather armour
  9439 | D:5      | Noticed Duvessa
  9463 | D:5      | Identified a +0 dagger
  9463 | D:5      | Identified a +0 robe
  9514 | D:5      | Identified a +0 dagger
  9514 | D:5      | Identified a cursed -1 robe
  9514 | D:5      | Noticed Dowan
  9531 | D:5      | Killed Dowan
  9552 | D:5      | Identified a cursed -2 club
  9552 | D:5      | Identified a +0 leather armour
  9554 | D:5      | Killed Duvessa
  9567 | D:5      | Identified a cursed -1 flail
  9567 | D:5      | Identified a +0 leather armour
  9791 | D:5      | Identified a +0 dagger
  9791 | D:5      | Identified a +0 robe
  9794 | D:5      | Identified a +0 mace
  9795 | D:5      | Identified a +0 flail
  9797 | D:5      | Identified a +0 flail
 10145 | D:5      | Found Saneril's General Store.
 10155 | D:5      | Bought a +0 pair of gloves for 54 gold pieces
 10155 | D:5      | Bought a scroll of identify for 24 gold pieces
 10160 | D:5      | Identified a potion of brilliance
 10274 | Temple   | Entered the Ecumenical Temple
 10281 | Temple   | Became a worshipper of Vehumet
 10456 | D:5      | Identified a +0 leather armour
 10477 | D:5      | Found Inkoc's Distillery.
 10647 | D:5      | Found an ancient bone altar of Kikubaaqudgha.
 10712 | D:5      | Identified Heism's Papyrus of Transmutation and the Glacier
 10719 | D:5      | Learned a level 4 spell: Ice Form
 10963 | D:7      | Reached skill level 1 in Spellcasting
 11021 | D:7      | Reached skill level 1 in Transmutations
 11021 | D:7      | Reached skill level 1 in Ice Magic
 11224 | D:8      | Reached skill level 2 in Spellcasting
 11263 | D:8      | Reached skill level 4 in Shields
 11279 | D:8      | Identified a +0 buckler (You found it on level 6 of the
                  | Dungeon)
 11287 | D:8      | Identified a +0 flail
 11289 | D:8      | Identified a +0 club
 11290 | D:8      | Identified a +0 dagger
 11290 | D:8      | Identified a +0 robe
 11291 | D:8      | Identified a +0 flail
 11383 | D:8      | ventricule: ??ice form
 11383 | D:8      | meem: ice form[1/2]: +20% HP, rF-, rC+++, rPois. Makes you
                  | large, which will reduce EV (for human size and smaller
                  | races). Melds all armour, but gives 5-12 AC. 12+UC base
                  | damage with freezing brand. Players in ice form can float
                  | through water, but get no aquatic bonuses and can't reach
                  | submerged items. Found in Books of Changes and Ice, L4
                  | ice/tmut.
 11383 | D:8      | beem: ice form[1/2]: +20% HP, rF-, rC+++, rPois. Makes you
                  | large, which will reduce EV (for human size and smaller
                  | races). Melds all armour, but gives 5-12 AC. 12+UC base
                  | damage with freezing brand. Players in ice form can float
                  | through water, but get no aquatic bonuses and can't reach
                  | submerged items. Found in Books of Changes and Ice, L4
                  | ice/tmut.
 11383 | D:8      | ventricule: ??ice form[2]
 11383 | D:8      | meem: ice form[2/2]: In 0.15, gives 5 + pow * 7/100 AC.
 11383 | D:8      | beem: ice form[2/2]: In 0.15, gives 5 + pow * 7/100 AC.
 11423 | D:8      | Reached XP level 10. HP: 49/52 MP: 15/15
 11440 | D:8      | ventricule: ??freezing_cloud
 11440 | D:8      | meem: freezing cloud[1/3]: Fills 8-10 squares (by flood
                  | fill from the target point -- this can be manipulated, as
                  | it won't fill a square that already has a cloud) with
                  | clouds doing cold damage. (Conjurations/Ice/Air 6).
 11440 | D:8      | beem: freezing cloud[1/3]: Fills 8-10 squares (by flood
                  | fill from the target point -- this can be manipulated, as
                  | it won't fill a square that already has a cloud) with
                  | clouds doing cold damage. (Conjurations/Ice/Air 6).
 11440 | D:8      | ventricule: ??freezing_cloud[2]
 11440 | D:8      | meem: freezing cloud[2/3]: kills things dead, but lasts for
                  | a long time after everything dies, so prepare to have a
                  | picnic waiting for it to clear.
 11440 | D:8      | beem: freezing cloud[2/3]: kills things dead, but lasts for
                  | a long time after everything dies, so prepare to have a
                  | picnic waiting for it to clear.
 11440 | D:8      | ventricule: ??freezing_cloud[3]
 11440 | D:8      | meem: freezing cloud[3/3]: Sorbius: I imagine the dungeon
                  | is just hot as hell and the monsters are like, hell yeah
                  | AC! and then realise way to late what's really going on
 11440 | D:8      | beem: freezing cloud[3/3]: Sorbius: I imagine the dungeon
                  | is just hot as hell and the monsters are like, hell yeah
                  | AC! and then realise way to late what's really going on
 11452 | D:8      | Identified a +0 mace
 11452 | D:8      | Identified a +0 chain mail
 11463 | D:8      | Identified 2 potions of flight
 11472 | D:8      | Identified a +0 shortbow
 11487 | D:8      | Reached skill level 2 in Transmutations
 11487 | D:8      | Reached skill level 2 in Ice Magic
 11547 | D:8      | Reached skill level 1 in Unarmed Combat
 11551 | D:8      | Found a sand-covered staircase.
 11575 | Ossuary  | Entered an ossuary
 11685 | Ossuary  | Identified 2 potions of might
 11686 | Ossuary  | Identified a potion of invisibility
 11719 | Ossuary  | Reached * piety under Vehumet
 11719 | Ossuary  | Offered knowledge of Freeze by Vehumet.
 12253 | D:8      | Identified a +0 antimagic dagger
 12253 | D:8      | Identified a +0 robe
 12260 | D:8      | Identified a +0 flail
 12373 | D:8      | Found an ornate altar of the Wu Jian Council.
 12428 | D:8      | Identified a +0 shortbow
 12484 | D:8      | Reached skill level 3 in Transmutations
 12484 | D:8      | Reached skill level 3 in Ice Magic
 12595 | D:8      | Identified a +0 dagger
 12595 | D:8      | Identified a +0 robe
 12818 | D:9      | Reached skill level 2 in Unarmed Combat
 12937 | D:9      | Found Ziesiq's Weapon Boutique.
 12937 | D:9      | Identified a +0 club
 12939 | D:9      | Identified a +0 flail
 12939 | D:9      | Identified a +0 leather armour
 12941 | D:9      | Identified a +0 war axe
 12941 | D:9      | Identified a +0 ring mail
 13184 | D:9      | Reached ** piety under Vehumet
 13192 | D:9      | Identified a +0 dagger of flaming (You found it on level 9
                  | of the Dungeon)
 13193 | D:9      | ventricule: ??flaming
 13193 | D:9      | meem: flaming[1/1]: Increases damage by (on average) 25%
                  | against non-fire-resistant monsters, 37.5% on rF-, still
                  | 12.5% on rF+, 0 on rF+++. Slicing/chopping flaming weapons
                  | will cauterize hydra necks, preventing the heads from
                  | regrowing.
 13193 | D:9      | beem: flaming[1/1]: Increases damage by (on average) 25%
                  | against non-fire-resistant monsters, 37.5% on rF-, still
                  | 12.5% on rF+, 0 on rF+++. Slicing/chopping flaming weapons
                  | will cauterize hydra necks, preventing the heads from
                  | regrowing.
 13200 | D:9      | Found Raefuph's Distillery.
 13206 | D:9      | Identified a scroll of random uselessness
 13207 | D:9      | Identified 2 scrolls of fog
 13218 | D:9      | Learned a level 4 spell: Summon Ice Beast
 13224 | D:9      | Bought a potion of heal wounds for 65 gold pieces
 13235 | D:9      | Identified a +0 giant club
 13238 | D:9      | Identified a +0 trident
 13238 | D:9      | Identified a +0 chain mail
 13238 | D:9      | Noticed Harold
 13354 | D:9      | Offered knowledge of Throw Flame by Vehumet.
 13354 | D:9      | Reached skill level 1 in Summonings
 13493 | D:9      | Identified a +0 scimitar
 13493 | D:9      | Identified a cursed -2 chain mail
 13494 | D:9      | Identified a +0 dagger
 13494 | D:9      | Identified a +0 robe
 13497 | D:9      | Identified a +0 dagger
 13497 | D:9      | Identified a +0 robe
 13504 | D:8      | Reached skill level 2 in Summonings
 13504 | D:8      | Reached skill level 4 in Ice Magic
 13509 | D:8      | Learned a level 3 spell: Ozocubu's Armour
 13731 | D:9      | Reached skill level 1 in Charms
 13789 | D:9      | Found Ecwyak's Assorted Antiques.
 13803 | D:9      | Identified a +0 shortbow
 13969 | D:9      | Reached skill level 3 in Summonings
 14062 | D:9      | Identified a ring of magical power (You found it on level 9
                  | of the Dungeon)
 14211 | D:10     | Entered Level 10 of the Dungeon
 14290 | D:10     | Reached skill level 2 in Charms
 14506 | D:10     | ventricule: ??ozocuu
 14506 | D:10     | meem: ozocuu ~ ozocubu[1/2]: Probably some ice mage who
                  | came up with some badass spells.
 14506 | D:10     | beem: ozocuu ~ ozocubu[1/2]: Probably some ice mage who
                  | came up with some badass spells.
 14506 | D:10     | ventricule: ??ozocubu's armour
 14506 | D:10     | meem: ozocubu's armour[1/1]: Level 3 charms/ice spell that
                  | gives you more AC. Usable with armour ER < 5. The armour immediately breaks when taking any kind of movement action. (Before 0.22, it slowed you while active).>
                  | ERROR: string above had unterminated tag
 14506 | D:10     | beem: ozocubu's armour[1/1]: Level 3 charms/ice spell that
                  | gives you more AC. Usable with armour ER < 5. The armour immediately breaks when taking any kind of movement action. (Before 0.22, it slowed you while active).>
                  | ERROR: string above had unterminated tag
 14565 | D:10     | Reached skill level 3 in Charms
 14565 | D:10     | Reached skill level 4 in Summonings
 14636 | D:10     | Identified a +0 club
 14637 | D:10     | Identified a +0 flail
 14637 | D:10     | Identified a +0 whip
 14637 | D:10     | Identified a +1 whip of freezing
 14637 | D:10     | Identified a +0 leather armour
 14700 | D:10     | Found a staircase to the Orcish Mines.
 14705 | D:10     | Identified a +0 mace
 14705 | D:10     | Noticed a gargoyle
 14741 | D:10     | Killed a gargoyle
 14825 | D:10     | Reached skill level 5 in Ice Magic
 14835 | D:10     | Reached skill level 5 in Summonings
 14858 | D:10     | Identified a +0 shortbow
 14873 | D:10     | Identified a +0 shortbow
 15215 | D:10     | Identified a scroll of blinking
 15301 | D:10     | Identified 3 potions of degeneration
 15535 | D:11     | Identified a +0 flail
 15535 | D:11     | Identified a +0 leather armour
 15538 | D:11     | Identified a +0 flail
 15573 | D:11     | Reached skill level 6 in Ice Magic
 15748 | D:11     | Found a staircase to the Lair.
 16029 | D:11     | Reached XP level 11. HP: 56/56 MP: 16/16
 16037 | D:11     | Identified a +0 shortbow
 16207 | D:11     | Noticed an unseen horror
 16224 | D:11     | HP: 11/56 [unseen horror (5)]
 16239 | D:11     | Killed an unseen horror
 16239 | D:11     | Reached skill level 6 in Summonings
 16252 | D:11     | Identified a +0 troll leather armour
 16252 | D:11     | Reached skill level 7 in Ice Magic
 16437 | D:11     | Found a runed translucent gate.
 16438 | D:11     | Found a runed translucent gate.
 16461 | D:11     | Offered knowledge of Conjure Flame by Vehumet.
 16470 | D:11     | Learned a level 3 spell: Conjure Flame
 17034 | D:11     | Identified a +2 hat (You found it on level 11 of the
                  | Dungeon)
 17367 | D:11     | Reached skill level 1 in Conjurations
 17457 | D:11     | Reached skill level 1 in Fire Magic
 18070 | D:11     | Identified a scroll of vulnerability
 18113 | D:11     | Found a runed translucent gate.
 18114 | D:11     | Noticed a nine-headed hydra
 18115 | D:11     | Noticed Erac's ghost (journeyman MfTm)
 18311 | D:11     | Identified a cursed -3 giant spiked club
 18385 | D:11     | Identified a +1 pair of boots (You found it on level 11 of
                  | the Dungeon)
 18409 | Lair:1   | Entered Level 1 of the Lair of Beasts
 18479 | Lair:1   | Identified a potion of cancellation
 18490 | Lair:1   | Noticed an eight-headed hydra
 18518 | Lair:1   | Reached skill level 2 in Conjurations
 18617 | Lair:1   | Reached skill level 2 in Fire Magic
 18797 | Lair:1   | Identified a potion of resistance
 18829 | Lair:1   | Noticed a six-headed hydra
 18835 | Lair:1   | HP: 5/56 [six-headed hydra (14)]
 18859 | Lair:1   | Killed a six-headed hydra
 18859 | Lair:1   | Reached skill level 3 in Spellcasting
 18859 | Lair:1   | Reached skill level 3 in Conjurations
 18859 | Lair:1   | Reached skill level 3 in Fire Magic
 19089 | Lair:1   | Reached *** piety under Vehumet
 19675 | Lair:1   | Reached skill level 4 in Spellcasting
 19681 | Lair:1   | Learned a level 4 spell: Throw Icicle
 19842 | Lair:1   | HP: 7/57 [spiny frog (14)]
 20307 | Lair:2   | Identified a scroll of immolation
 20338 | Lair:2   | Reached skill level 2 in Fighting
 20400 | Lair:2   | Reached skill level 4 in Fire Magic
 20478 | Lair:2   | Reached skill level 4 in Conjurations
 20489 | Lair:2   | Reached skill level 10 in Dodging
 21034 | Lair:2   | Offered knowledge of Inner Flame by Vehumet.
 21487 | Lair:2   | Reached skill level 5 in Spellcasting
 21503 | Lair:2   | Learned a level 6 spell: Freezing Cloud
 21615 | Lair:2   | Found a shadowy altar of Dithmenos.
 21626 | Lair:2   | Identified 2 potions of berserk rage
 22032 | Lair:3   | Noticed a six-headed hydra
 22058 | Lair:3   | Killed a six-headed hydra
 22058 | Lair:3   | Reached skill level 1 in Air Magic
 22162 | Lair:3   | Found a staircase to the Snake Pit.
 22162 | Lair:3   | Identified a +0 short sword
 22162 | Lair:3   | Identified a +0 short sword
 22180 | Lair:3   | Reached skill level 2 in Air Magic
 22203 | Lair:3   | Reached skill level 3 in Fighting
 22647 | Lair:3   | Reached XP level 12. HP: 42/64 MP: 12/21
 23128 | Lair:4   | Reached skill level 3 in Air Magic
 23380 | Lair:4   | Identified a scarf of cloud immunity (You found it on level
                  | 4 of the Lair of Beasts)
 23390 | Lair:4   | Identified a +1 cloak
 23397 | Lair:4   | Noticed a five-headed hydra
 23491 | Lair:4   | ventricule: ??metabolic englaciation
 23491 | Lair:4   | meem: metabolic englaciation[1/1]: Level 5 Ice/Hex.
                  | Attempts to slow all non-rC+ monsters in sight. The
                  | duration of the slowing is based on power and reduced by
                  | monster HD (and unaffected by MR). Slows each target for
                  | 3d(pow)/6 - random2(HD) turns. Cold-blooded monsters are
                  | slowed for twice as long.
 23491 | Lair:4   | beem: metabolic englaciation[1/1]: Level 5 Ice/Hex.
                  | Attempts to slow all non-rC+ monsters in sight. The
                  | duration of the slowing is based on power and reduced by
                  | monster HD (and unaffected by MR). Slows each target for
                  | 3d(pow)/6 - random2(HD) turns. Cold-blooded monsters are
                  | slowed for twice as long.
 23492 | Lair:4   | ventricule: ??animate skeleton
 23492 | Lair:4   | meem: animate skeleton[1/1]: Animates a temporary skeleton.
                  | If cast over a corpse, the skeleton will rip itself away,
                  | producing chunks.
 23492 | Lair:4   | beem: animate skeleton[1/1]: Animates a temporary skeleton.
                  | If cast over a corpse, the skeleton will rip itself away,
                  | producing chunks.
 23494 | Lair:4   | Learned a level 1 spell: Animate Skeleton
 23550 | Lair:4   | Identified a scroll of brand weapon
 23615 | Lair:4   | Found a staircase to the Swamp.
 24032 | Lair:4   | Reached **** piety under Vehumet
 24038 | Lair:4   | Offered knowledge of Fireball by Vehumet.
 24053 | Lair:4   | Reached skill level 4 in Air Magic
 24578 | Lair:4   | Killed a five-headed hydra
 24644 | Lair:5   | Identified a +0 double sword of slicing
 24644 | Lair:5   | Identified a +1 chain mail of poison resistance
 24644 | Lair:5   | Noticed Urug
 24792 | Lair:5   | Identified a scroll of holy word
 24828 | Lair:5   | Noticed a death yak
 24828 | Lair:5   | Noticed a death yak
 24855 | Lair:5   | Noticed a death yak
 24856 | Lair:5   | Noticed a death yak
 25378 | Lair:5   | Reached skill level 11 in Dodging
 25580 | Lair:4   | Paralysed by a hornet for 1 turns
 25830 | Lair:5   | Reached skill level 4 in Fighting
 25968 | Lair:5   | Reached skill level 5 in Conjurations
 25968 | Lair:5   | Reached skill level 5 in Fire Magic
 26131 | Lair:5   | Killed a death yak
 26131 | Lair:5   | Reached skill level 6 in Spellcasting
 26327 | Lair:5   | Killed a death yak
 26391 | Lair:5   | Reached skill level 5 in Air Magic
 26413 | Lair:5   | HP: 16/66 [komodo dragon (29)]
 26854 | Lair:5   | Identified a scroll of silence
 26929 | Lair:5   | Noticed a death yak
 26955 | Lair:5   | Killed a death yak
 26966 | Lair:5   | Killed a death yak
 26966 | Lair:5   | Reached skill level 7 in Spellcasting
 26966 | Lair:5   | Reached skill level 6 in Conjurations
 26966 | Lair:5   | Reached skill level 6 in Fire Magic
 26971 | Lair:5   | Killed a death yak
 27182 | Lair:5   | Found a staircase to the Slime Pits.
 27434 | Lair:5   | Identified a +0 hunting sling
 27452 | Lair:5   | Killed Urug
 27586 | Lair:5   | Reached skill level 8 in Spellcasting
 27867 | Lair:6   | Entered Level 6 of the Lair of Beasts
 28113 | Lair:5   | Learned a level 5 spell: Fireball
 28139 | Lair:6   | Identified the Incunabulum of Hexes and Black Secrets
 28157 | Lair:6   | Reached skill level 7 in Conjurations
 28157 | Lair:6   | Reached skill level 7 in Fire Magic
 28229 | Lair:6   | Reached XP level 13. HP: 49/70 MP: 13/27
 28473 | Lair:6   | Reached ***** piety under Vehumet
 28558 | Lair:6   | Found a runed translucent gate.
 28558 | Lair:6   | Found a runed translucent gate.
 28558 | Lair:6   | Found a runed translucent gate.
 28558 | Lair:6   | Noticed Sede's ghost (journeyman HOFi)
 29057 | Lair:6   | Offered knowledge of Spellforged Servitor by Vehumet.
 29057 | Lair:6   | Reached skill level 8 in Fire Magic
 29057 | Lair:6   | Reached skill level 8 in Conjurations
 30401 | Lair:6   | Reached skill level 9 in Fire Magic
 30402 | Lair:6   | Reached skill level 9 in Conjurations
 30678 | Lair:6   | Reached skill level 9 in Spellcasting
 31590 | Lair:3   | Identified the +4 trident of Oliovoco {venom, Dex+4} (You
                  | found it on level 3 of the Lair of Beasts)
 31833 | Orc:1    | Entered Level 1 of the Orcish Mines
 31833 | Orc:1    | Found Ithrag's Armour Boutique.
 31833 | Orc:1    | Identified a +0 flail
 31833 | Orc:1    | Identified a +0 leather armour
 31833 | Orc:1    | Identified a +0 dagger
 31833 | Orc:1    | Identified a +0 robe
 31834 | Orc:1    | Identified a +0 short sword
 31834 | Orc:1    | Identified a +0 chain mail
 31837 | Orc:1    | Identified a +0 club
 31837 | Orc:1    | Identified a +0 leather armour
 32015 | Orc:1    | Identified a +0 club
 32015 | Orc:1    | Identified a +0 scale mail
 32018 | Orc:1    | Identified a +0 mace
 32023 | Orc:1    | Identified a +0 mace
 32024 | Orc:1    | Identified a +0 mace
 32024 | Orc:1    | Identified a +0 scale mail
 32024 | Orc:1    | Identified a +0 falchion
 32024 | Orc:1    | Identified a +0 leather armour
 32038 | Orc:1    | Identified a +0 trident
 32041 | Orc:1    | Identified a +0 dagger
 32158 | Orc:1    | Bought a +1 robe for 123 gold pieces
 32184 | Orc:1    | Identified a +1 dagger of venom
 32184 | Orc:1    | Identified a +0 robe
 32524 | Orc:2    | Entered Level 2 of the Orcish Mines
 32639 | Orc:2    | Identified a +0 flail
 32639 | Orc:2    | Identified a +0 chain mail
 32639 | Orc:2    | Identified a cursed +0 battleaxe
 32639 | Orc:2    | Identified a +0 chain mail
 32728 | Orc:2    | Identified a cursed -2 giant club
 32736 | Orc:2    | Identified a cursed -1 hand axe
 32740 | Orc:2    | Identified a +0 flail
 32740 | Orc:2    | Identified a +0 plate armour of fire resistance
 32740 | Orc:2    | Identified a +0 dagger
 32743 | Orc:2    | Identified a +0 dagger
 32743 | Orc:2    | Identified a +1 robe of fire resistance
 32748 | Orc:2    | Identified a cursed +0 ring mail
 33268 | Orc:2    | Identified a cursed -1 great mace
 33268 | Orc:2    | Identified a +0 dire flail
 33268 | Orc:2    | Noticed an ettin
 33276 | Orc:2    | Killed an ettin
 33365 | Orc:2    | Identified a +0 spear
 33416 | Orc:2    | Identified a +0 spear
 33419 | Orc:2    | Identified a +0 whip
 33419 | Orc:2    | Identified a +0 leather armour
 33423 | Orc:2    | Identified a +0 halberd
 33468 | Orc:2    | Identified a +0 dagger
 33468 | Orc:2    | Identified a cursed +0 robe
 33469 | Orc:2    | Identified a cursed -3 giant club
 33469 | Orc:2    | Identified a +0 mace of draining
 33469 | Orc:2    | Identified a +0 plate armour
 33469 | Orc:2    | Identified a +0 hand axe
 33471 | Orc:2    | Identified a +0 club
 33472 | Orc:2    | Identified a +0 giant spiked club
 33473 | Orc:2    | Identified a +0 dagger
 33473 | Orc:2    | Identified a +0 trident
 33474 | Orc:2    | Identified a +0 mace
 33474 | Orc:2    | Identified a +0 halberd
 33474 | Orc:2    | Identified a +0 plate armour
 33476 | Orc:2    | Identified a +0 trident
 33486 | Orc:2    | Identified a +0 trident
 33517 | Orc:2    | Identified a cursed -2 flail
 33517 | Orc:2    | Identified a +0 leather armour
 33537 | Orc:2    | Found a staircase to the Elven Halls.
 33537 | Orc:2    | Identified a +0 club
 33537 | Orc:2    | Identified a +0 chain mail
 33539 | Orc:2    | Identified a +0 whip
 33540 | Orc:2    | Identified a +0 short sword
 33540 | Orc:2    | Identified a +0 ring mail
 33541 | Orc:2    | Identified a cursed +0 whip
 33598 | Orc:2    | Identified a +0 whip
 33669 | Orc:2    | Identified a +0 trident
 33669 | Orc:2    | Identified a +0 chain mail
 33669 | Orc:2    | Identified a +0 falchion
 33672 | Orc:2    | Identified a +0 flail
 33690 | Orc:2    | Identified a +0 club
 33690 | Orc:2    | Identified a +0 leather armour
 33698 | Orc:2    | Identified a +0 trident
 33698 | Orc:2    | Identified a +0 leather armour
 33700 | Orc:2    | Identified a +0 dagger
 33703 | Orc:2    | Reached skill level 10 in Conjurations
 33703 | Orc:2    | Reached skill level 10 in Fire Magic
 33703 | Orc:2    | Identified a +2 flail of protection
 33703 | Orc:2    | Identified a +0 leather armour
 33704 | Orc:2    | Identified a +0 whip
 33704 | Orc:2    | Identified a +0 leather armour
 33713 | Orc:2    | Identified a +0 ring mail
 33714 | Orc:2    | Identified a +2 leather armour of magic resistance
 33719 | Orc:2    | Identified a +0 short sword
 33719 | Orc:2    | Identified a +0 leather armour
 33735 | Orc:2    | Identified a +0 dagger
 33735 | Orc:2    | Identified a +0 leather armour
 33753 | Orc:2    | Found a roughly hewn altar of Beogh.
 33753 | Orc:2    | Identified a +0 short sword
 33756 | Orc:2    | Identified a +0 flail
 33761 | Orc:2    | Identified a +0 dagger
 33761 | Orc:2    | Identified a +0 robe
 33763 | Orc:2    | Identified a +0 dagger
 33763 | Orc:2    | Identified a +0 robe
 33763 | Orc:2    | Identified a +0 dagger
 33763 | Orc:2    | Identified a +0 robe
 33798 | Orc:2    | Reached skill level 10 in Spellcasting
 33945 | Orc:2    | Identified a +0 flail
 33946 | Orc:2    | Identified a +0 dagger
 33946 | Orc:2    | Identified a +0 mace
 33946 | Orc:2    | Identified a +0 short sword
 33946 | Orc:2    | Identified a +0 glaive
 33946 | Orc:2    | Identified a +0 chain mail
 33947 | Orc:2    | Identified a +0 halberd
 33947 | Orc:2    | Identified a +0 chain mail
 33947 | Orc:2    | Identified a +0 short sword
 33948 | Orc:2    | Offered knowledge of Fulminant Prism by Vehumet.
 33949 | Orc:2    | Identified a +0 hand axe
 33949 | Orc:2    | Identified a +0 short sword
 33949 | Orc:2    | Identified a +0 hand axe
 33949 | Orc:2    | Identified a +0 hand axe
 33949 | Orc:2    | Identified a cursed +0 ring mail
 33949 | Orc:2    | Identified a +0 hand axe
 33949 | Orc:2    | Identified a +0 glaive
 33949 | Orc:2    | Identified a cursed +0 chain mail
 33949 | Orc:2    | Identified a +2 short sword of speed
 33949 | Orc:2    | Identified a +0 plate armour
 33950 | Orc:2    | Identified a cursed -1 dagger
 33950 | Orc:2    | Identified a +0 robe
 33950 | Orc:2    | Identified a +0 dagger
 33950 | Orc:2    | Identified a +0 robe
 33950 | Orc:2    | Identified a +0 long sword
 33950 | Orc:2    | Identified a +0 dagger
 33952 | Orc:2    | Identified a +2 war axe of venom
 33952 | Orc:2    | Identified a +2 chain mail of magic resistance
 33952 | Orc:2    | Identified a +0 shield
 33952 | Orc:2    | Noticed an orc warlord
 33953 | Orc:2    | Identified a +0 falchion
 33953 | Orc:2    | Identified a +0 dire flail
 33953 | Orc:2    | Identified a +0 plate armour
 33954 | Orc:2    | Identified a +0 great sword
 33954 | Orc:2    | Identified a +0 arbalest
 33954 | Orc:2    | Identified a +0 chain mail
 33954 | Orc:2    | Identified a cursed +0 dagger
 33954 | Orc:2    | Identified a +0 robe
 33960 | Orc:2    | Identified a +0 dagger
 33960 | Orc:2    | Identified a +0 robe of magic resistance
 34178 | Orc:2    | Killed an orc warlord
 34390 | Orc:2    | Identified a +1 whip of freezing
 34390 | Orc:2    | Identified a +0 leather armour
 34398 | Orc:2    | Identified a +0 ring mail
 34459 | Orc:2    | Identified a +0 leather armour
 34463 | Orc:2    | Identified a +0 dagger
 34472 | Orc:2    | Identified a +0 glaive
 34472 | Orc:2    | Identified a +0 chain mail
 34474 | Orc:2    | Identified a +0 hand axe
 34540 | Orc:2    | Identified a +0 dagger
 34540 | Orc:2    | Identified a +0 robe
 34632 | Orc:2    | Identified a cursed -2 club
 34647 | Orc:2    | Identified a +0 dagger
 34647 | Orc:2    | Identified a +0 robe
 34763 | Orc:2    | Identified a +0 flail
 34763 | Orc:2    | Identified a +0 leather armour
 34811 | Orc:2    | Identified a cursed +0 dagger
 34811 | Orc:2    | Identified a +0 robe
 34816 | Orc:2    | Identified a +0 trident
 34816 | Orc:2    | Identified a +0 leather armour
 34842 | Orc:2    | Identified a +0 dagger
 34842 | Orc:2    | Identified a +0 robe
 34848 | Orc:2    | Identified a +0 mace
 34848 | Orc:2    | Identified a +0 leather armour
 34849 | Orc:2    | Identified a +0 scimitar
 34849 | Orc:2    | Identified a cursed +0 plate armour
 34854 | Orc:2    | Reached XP level 14. HP: 76/76 MP: 18/30
 34863 | Orc:2    | Identified a +0 falchion
 34865 | Orc:2    | Identified a +0 club
 34865 | Orc:2    | Identified a +0 long sword
 34865 | Orc:2    | Identified a +0 chain mail
 34914 | Orc:2    | Identified a +0 dagger
 34914 | Orc:2    | Identified a +0 robe
 34939 | Orc:2    | Identified a +0 flail
 34939 | Orc:2    | Identified a +0 chain mail
 34943 | Orc:2    | Identified a +0 dire flail
 34943 | Orc:2    | Identified a +0 plate armour
 34945 | Orc:2    | Identified a +0 club
 34949 | Orc:2    | Identified a +0 dagger
 34949 | Orc:2    | Identified a +0 robe
 34952 | Orc:2    | Identified a +0 flail
 34952 | Orc:2    | Identified a +0 dagger
 34954 | Orc:2    | Identified a cursed +0 dagger
 34954 | Orc:2    | Identified a +0 robe of resistance
 34954 | Orc:2    | Identified a +0 dagger
 34987 | Orc:2    | Identified a +0 club
 34992 | Orc:2    | Identified a +0 club
 34992 | Orc:2    | Identified a +0 ring mail
 35000 | Orc:2    | Identified a +0 dagger
 35000 | Orc:2    | Identified a +0 robe
 35001 | Orc:2    | Identified a +0 whip
 35003 | Orc:2    | Identified a +0 dagger
 35003 | Orc:2    | Identified a +0 robe
 35009 | Orc:2    | Identified a +0 dagger
 35009 | Orc:2    | Identified a +0 robe
 35041 | Orc:2    | Identified a +0 hand axe
 35041 | Orc:2    | Identified a +0 leather armour
 35042 | Orc:2    | Identified a +0 morningstar
 35134 | Orc:2    | Identified a +0 dagger
 35134 | Orc:2    | Identified a +0 robe
 35230 | Orc:2    | Found Loyblash's General Store.
 35231 | Orc:2    | Found Hoosulu's Book Boutique.
 35232 | Orc:2    | Found Jyomorad's Antique Armour Boutique.
 35232 | Orc:2    | Found Tulimeupt's Antique Weapon Shop.
 35247 | Orc:2    | Bought a book of Callings for 420 gold pieces
 35252 | Orc:2    | Learned a level 4 spell: Summon Lightning Spire
 35252 | Orc:2    | Bought a book of Battle for 560 gold pieces
 35256 | Orc:2    | Learned a level 3 spell: Regeneration
 35334 | Orc:2    | Identified a +0 flail
 35444 | Orc:2    | Identified a +0 whip
 35454 | Orc:2    | Identified a +0 mace
 35454 | Orc:2    | Identified a +0 ring mail
 35458 | Orc:2    | Identified a +0 halberd
 35458 | Orc:2    | Identified a +0 chain mail
 35464 | Orc:2    | Identified a +1 leather armour of poison resistance
 35464 | Orc:2    | Identified a +0 hand axe
 35620 | Orc:2    | Identified a cursed +0 glaive
 35620 | Orc:2    | Identified a +0 plate armour
 35762 | Orc:1    | Identified a +0 leather armour
 35762 | Orc:1    | Identified a +2 mace of holy wrath
 35762 | Orc:1    | Identified a +0 dagger
 35762 | Orc:1    | Identified a cursed -2 robe
 36110 | D:11     | Killed Erac's ghost
 36204 | D:11     | Identified a scroll of acquirement
 36208 | D:11     | Got a pair of scorched boots
 36219 | D:11     | Identified the +0 pair of boots "Ravvyrus" {rCorr} (You
                  | acquired it on level 11 of the Dungeon)
 36224 | D:11     | Identified the +6 scimitar "Bajuofuf" {venom, rN++ Str+3}
                  | (You found it on level 11 of the Dungeon)
 36338 | D:12     | Identified a +0 giant club
 36420 | D:12     | Identified a +0 short sword
 36420 | D:12     | Identified a +0 large shield
 36426 | D:12     | Identified a +0 rapier
 36426 | D:12     | Identified a +0 robe
 36448 | D:12     | Reached skill level 11 in Fire Magic
 36529 | D:12     | Identified a +0 giant club
 36542 | D:12     | Identified a +0 flail
 36542 | D:12     | Identified a +0 leather armour
 36545 | D:12     | Identified a +0 flail
 36545 | D:12     | Identified a +0 ring mail
 36552 | D:12     | Identified a +0 dagger
 36584 | D:12     | Identified a +0 trident
 36584 | D:12     | Identified a +0 leather armour
 36634 | D:12     | Reached skill level 1 in Long Blades
 36636 | D:12     | Reached skill level 11 in Conjurations
 36685 | D:12     | Offered knowledge of Conjure Ball Lightning by Vehumet.
 37030 | D:12     | Identified the Almanac of the Arsonist
 37149 | D:12     | Identified a +0 trident
 37149 | D:12     | Identified a +0 ring mail
 37428 | D:12     | Mangled by an enormous slime creature

Table legend:
 A = Turns spent in this place as a percentage of turns spent in the entire game.
 B = Non-inter-level travel turns spent in this place as a percentage of non-inter-level travel turns spent in the entire game.
 C = Inter-level travel turns spent in this place as a percentage of turns spent in this place.
 D = Turns resting spent in this place as a percentage of non-inter-level travel turns spent in this place.
 E = Turns spent auto-exploring this place as a percentage of non-inter-level travel turns spent in this place.
 F = Non-inter-level travel turns spent in this place divided by the number of levels of this place that you've seen.
                   A       B       C       D       E      F
               +-------+-------+-------+-------+-------+----------------------
         Total | 100.0 | 100.0 |   5.3 |  43.8 |  34.0 | 1610.7
       Dungeon |  52.0 |  52.0 |   5.5 |  40.9 |  36.7 | 1534.5
        Temple |   0.5 |   0.5 |   0.0 |  91.5 |   0.0 | 176.0
          Lair |  35.7 |  35.9 |   4.9 |  48.9 |  31.2 | 2119.2
  Orcish Mines |  10.4 |  10.2 |   6.9 |  38.7 |  35.1 | 1805.5
       Ossuary |   1.4 |   1.5 |   0.0 |  43.0 |  10.2 | 519.0
               +-------+-------+-------+-------+-------+----------------------

Table legend:
 A = Kills in this place as a percentage of kills in entire the game.
 B = Kills by you in this place as a percentage of kills by you in the entire game.
 C = Kills by friends in this place as a percentage of kills by friends in the entire game.
 D = Other kills in this place as a percentage of other kills in the entire game.
 E = Experience gained in this place as a percentage of experience gained in the entire game.
 F = Experience gained in this place divided by the number of levels of this place that you have seen.
                   A       B       C       D       E      F
               +-------+-------+-------+-------+-------+----------------------
         Total | 100.0 | 100.0 | 100.0 |   N/A | 100.0 | 3429.7
       Dungeon |  43.7 |  53.4 |  15.6 |   N/A |  26.1 | 1643.2
          Lair |  30.1 |  19.1 |  62.3 |   N/A |  54.5 | 6848.3
  Orcish Mines |  22.0 |  22.0 |  22.2 |   N/A |  19.1 | 7197.0
       Ossuary |   4.1 |   5.5 |   0.0 |   N/A |   0.3 | 252.0
               +-------+-------+-------+-------+-------+----------------------

Skill      XL: |  1  2  3  4  5  6  7  8  9 10 11 12 13 14 |
---------------+-------------------------------------------+-----
Stealth        | 5 6 |  6.0
Dodging        | 2 3 4 6 7 8 9 10 11 | 11.4
Short Blades   | 3 4 5 6 7 8 |  8.3
Throwing       | 4 5 |  5.8
Shields        | 2 4 |  4.0
Spellcasting   | 2 5 8 10 | 10.1
Transmutations | 1 3 |  3.6
Ice Magic      | 1 6 7 |  7.7
Unarmed Combat | 2 |  2.2
Summonings     | 5 6 |  6.3
Charms         | 3 |  3.1
Conjurations   | 4 7 10 11 | 11.0
Fire Magic     | 4 7 10 11 | 11.1
Fighting       | 3 4 |  4.4
Air Magic      | 2 5 |  5.0
Long Blades    | 1 |  1.4

Action                   |  1- 3 |  4- 6 |  7- 9 | 10-12 | 13-15 || total
-------------------------+-------+-------+-------+-------+-------++-------
Melee: Dagger            |   118 |   175 |   466 |  1151 |   222 ||  2132
       Unarmed           |       |       |       |    20 |       ||    20
       Scimitar          |       |       |       |       |    42 ||    42
Throw: Dart              |     7 |    14 |   103 |    41 |     2 ||   167
       Stone             |     1 |       |       |       |       ||     1
       Boomerang         |       |     2 |    53 |    69 |     3 ||   127
       Javelin           |       |       |     4 |     1 |     4 ||     9
 Cast: Summon Ice Beast  |       |       |       |   139 |   102 ||   241
       Ozocubu's Armour  |       |       |       |    45 |    28 ||    73
       Ice Form          |       |       |       |     1 |       ||     1
       Throw Icicle      |       |       |       |    46 |   254 ||   300
       Conjure Flame     |       |       |       |    11 |    12 ||    23
       Animate Skeleton  |       |       |       |     6 |    20 ||    26
       Freezing Cloud    |       |       |       |     1 |     3 ||     4
       Fireball          |       |       |       |       |    32 ||    32
       Summon Lightning  |       |       |       |       |     9 ||     9
       Regeneration      |       |       |       |       |     1 ||     1
Evoke: Wand              |       |       |       |     1 |       ||     1
  Use: Potion            |     1 |       |     4 |     8 |     2 ||    15
       Scroll            |     3 |     6 |     5 |    18 |     5 ||    37
 Stab: Sleeping          |     4 |     4 |     7 |    19 |     6 ||    40
       Invisible         |       |       |     1 |       |       ||     1
       Distracted        |       |       |       |    13 |     4 ||    17
  Eat: Chunk             |     5 |    17 |    21 |    77 |    30 ||   150
       Ration            |       |       |       |     3 |     6 ||     9
Armor: Robe              |    26 |    33 |    68 |   180 |    65 ||   372
       Skin              |       |       |     7 |    11 |       ||    18
Dodge: Dodged            |    67 |   101 |   291 |   690 |   248 ||  1397
Block: Buckler           |       |       |     6 |   200 |    58 ||   264
       Rpst.: Scimitar   |       |       |       |       |    12 ||    12

Vanquished Creatures
  An orc warlord (Orc:2)
  3 hydras
  2 catoblepae (Lair:6)
  7 death yaks
  Urug (Lair:5)
  4 orc high priests (Orc:2)
  An unseen horror (D:11)
  A wizard (D:12)
  2 orc knights (Orc:2)
  4 orc sorcerers (Orc:2)
  2 cyclopes
  A manticore (Lair:6)
  4 elephants
  A black mamba (Lair:4)
  A gargoyle (D:10)
  2 spiny frogs
  A yaktaur (shapeshifter) (D:11)
  2 komodo dragons
  2 trolls
  2 hornets
  Grinder (D:4)
  Prince Ribbit (D:4)
  7 hippogriffs
  4 blink frogs
  4 slime creatures
  2 vampires (D:12)
  A water elemental (D:11)
  2 wraiths
  2 wyverns
  A human (D:7)
  2 basilisks (Lair:5)
  29 yaks
  2 hungry ghosts
  A steam dragon (D:12)
  3 hogs
  A naga (Lair:3)
  2 wargs
  6 water moccasins
  Duvessa (D:5)
  3 ice beasts
  14 orc warriors
  2 sky beasts
  3 wolves
  An eye of draining (D:9)
  7 ogres
  9 centaurs
  6 crocodiles
  8 bullfrogs
  Dowan (D:5)
  7 scorpions
  9 killer bees
  5 electric eels
  3 howler monkeys
  8 crimson imps
  3 centaur zombies
  A quasit (D:9)
  7 hounds
  6 jellies
  35 orc priests
  24 orc wizards
  A bullfrog skeleton (D:6)
  2 centaur skeletons
  2 iguanas
  10 worker ants
  2 hound zombies
  2 hound skeletons
  A mummy (Ossuary)
  A howler monkey skeleton (D:9)
  17 adders
  2 gnolls (Orc:2)
  3 shadow imps
  8 oozes
  3 adder skeletons
  An adder zombie (D:5)
  2 worms (D:3)
  3 dart slugs
  2 leopard geckos
  64 orcs
  6 bats
  3 giant cockroaches
  10 goblins
  6 hobgoblins
  9 jackals
  5 quokkas
  A ball python (D:4)
  5 frilled lizards
  6 gnoll skeletons (Ossuary)
  3 kobolds (D:1)
  6 kobold skeletons (Ossuary)
  A leopard gecko zombie (D:6)
  13 orc skeletons (Ossuary)
  A quokka zombie (D:8)
  7 rats
  A rat zombie (D:8)
  A fungus (Lair:6)
488 creatures vanquished.

Vanquished Creatures (collateral kills)
  An ettin (Orc:2)
  The ghost of Erac the Nimble, a journeyman MfTm of Okawaru (D:11)
  2 hydras
  A catoblepas (Lair:6)
  4 death yaks
  A manticore (Lair:6)
  A wolf spider (Lair:5)
  2 black mambas
  5 elephants
  5 spiny frogs
  4 komodo dragons
  A troll (D:9)
  2 slime creatures
  A hornet (Lair:5)
  A bog body (Lair:4)
  13 blink frogs
  4 hippogriffs
  A wyvern (Lair:2)
  A basilisk (Lair:5)
  18 yaks
  A warg (Orc:1)
  A steam dragon (D:11)
  A naga (Lair:3)
  5 water moccasins
  5 porcupines
  5 orc warriors (Orc:2)
  A black bear (D:11)
  2 eyes of draining
  9 wolves
  3 ogres
  5 crocodiles
  5 bullfrogs
  A crimson imp (D:11)
  4 hounds
  3 jellies
  3 orc wizards
  4 orc priests
  A gnoll shaman (Orc:2)
  3 gnolls (Orc:2)
  7 adders
  5 oozes (Lair:4)
  24 orcs
  2 fungi
169 creatures vanquished.

Vanquished Creatures (others)
  A hound (D:11)
  A bush (Lair:5)
  58 fungi
  62 plants
122 creatures vanquished.

Grand Total: 779 creatures vanquished
